 Dungeon Crawl Stone Soup version 0.26.0-57-g60708a5e39 (webtiles) character file.

Game seed: 10122897884576037446

154 H0rd4k the Insei (level 5, -1/33 HPs)
             Began as an Octopode Transmuter on Feb 1, 2021.
             Killed from afar by an orc wizard (11 damage)
             ... with a magic dart
             ... on level 3 of the Dungeon.
             The game lasted 00:01:48 (2971 turns).

H0rd4k the Insei (Octopode Transmuter)              Turns: 2971, Time: 00:01:50

Health: -1/33      AC:  1    Str: 11    XL:     5   Next: 36%
Magic:  8/8        EV: 14    Int: 15    God:
Gold:   114        SH:  0    Dex: 12    Spells: 4/8 levels left

rFire    . . .     SeeInvis .     - Unarmed
rCold    . . .     Faith    .   (no shield)
rNeg     . . .     Spirit   .   (helmet restricted)
rPois    .         Reflect  .   j - amulet of magic regeneration
rElec    .         Harm     .   (no ring)
rCorr    .         Rampage  .   (no ring)
Will     .....                  (no ring)
Stlth    +++.......             (no ring)
HPRegen  0.11/turn              (no ring)
MPRegen  0.36/turn              (no ring)
                                (no ring)
                                (no ring)

@: no status effects
A: almost no armour, stealthy swim, amphibious, 8 rings, constrict 8, camouflage
1, gelatinous body 1
a: no special abilities


You were on level 3 of the Dungeon.
You visited 1 branch of the dungeon, and saw 3 of its levels.

You collected 114 gold pieces.

Inventory:

Jewellery
 j - an amulet of magic regeneration (around mantle)
Scrolls
 a - a scroll of immolation {unknown}
 b - 2 scrolls of identify {unknown}
 f - a scroll of enchant armour {unknown}
 h - a scroll of random uselessness {unknown}
 i - 2 scrolls of remove curse {unknown}
Potions
 c - a potion of attraction {unknown}
 d - a potion of curing
 e - 2 potions of brilliance {unknown}
 g - a potion of mutation {unknown}


   Skills:
 + Level 1.1 Fighting
 + Level 2.7 Dodging
 + Level 2.4 Stealth
 + Level 4.7 Unarmed Combat
 + Level 2.3 Spellcasting
 + Level 2.3 Transmutations


You had 4 spell levels left.
You knew the following spells:

 Your Spells              Type           Power        Failure   Level
a - Beastly Appendage     Tmut           16%          9%          1
b - Spider Form           Tmut/Pois      2%           36%         3

Your spell library contained the following spells:

 Spells                   Type           Power        Failure   Level
 Wereblood                Tmut           8%           12%         2
 Ice Form                 Ice/Tmut       5%           78%         4
 Blade Hands              Tmut           4%           92%         5


Dungeon Overview and Level Annotations

Branches:
Dungeon (3/15)

Altars:
The Shining One


Innate Abilities, Weirdness & Mutations

You cannot wear most types of armour.
You are very stealthy in the water. (Stealth+)
You are amphibious.
You can wear up to eight rings at the same time.
You can use your tentacles to constrict eight enemies at once.
Your skin changes colour to match your surroundings (Stealth+).
Your rubbery body absorbs attacks. (AC +1, EV +1)


Message History

The orc wizard is moderately wounded.
The orc wizard hits you with a +0 dagger. x2
You barely miss the orc wizard. You grab the orc wizard.
You squeeze the orc wizard, but do no damage.
The orc wizard is moderately wounded.
You constrict the orc wizard.
The orc wizard hits you with a +0 dagger.
You tentacle-slap the orc wizard but do no damage.
Your squeeze misses the orc wizard.
The orc wizard is moderately wounded.
You constrict the orc wizard.
The orc wizard hits you with a +0 dagger.
You completely miss the orc wizard.
The orc wizard is moderately wounded.
You constrict the orc wizard.
The orc wizard mumbles some strange words.
The orc wizard blinks free!
The orc wizard casts a spell at you. The magic dart hits you!
You die...

..≈≈≈≈#......#≈≈≈P....##..#
.
P≈≈.###....###.≈≈..##.#..#
#.
.≈≈≈#......#≈≈≈≈P...P#..#
#.##.≈≈........≈≈≈≈≈.P..#
#..≈≈ #......#≈≈≈≈P##..#
#.#≈###....###≈≈....###
#.≈.#......#≈≈P..###
#≈≈.......≈≈..###
##≈≈...@o.≈.###
###..(..≈≈## ###+#####


You could see an orc wizard (fast).

Vanquished Creatures
  Natasha (D:3)
  2 gnolls (D:1)
  4 adders
  2 worms (D:2)
  2 dart slugs
  2 leopard geckos
  4 orcs (D:3)
  6 giant cockroaches
  6 goblins
  3 hobgoblins
  6 jackals
  3 kobolds
  A ball python (D:2)
  10 bats
  A frilled lizard (D:2)
  6 rats
59 creatures vanquished.

Notes
Turn   | Place    | Note
-------+----------+-------------------------------------------
     0 | D:1      | H0rd4k the Octopode Transmuter began the quest for the Orb.
     0 | D:1      | Reached XP level 1. HP: 13/13 MP: 3/3
    58 | D:1      | Reached XP level 2. HP: 4/18 MP: 5/5
   535 | D:1      | Reached XP level 3. HP: 11/23 MP: 6/6
  1439 | D:1      | Learned a level 3 spell: Spider Form
  1486 | D:2      | Reached skill level 4 in Unarmed Combat
  1486 | D:2      | Reached XP level 4. HP: 27/28 MP: 7/7
  1623 | D:2      | Reached skill level 1 in Stealth
  2070 | D:2      | Found a glowing golden altar of the Shining One.
  2544 | D:3      | Reached XP level 5. HP: 25/33 MP: 8/8
  2695 | D:3      | Noticed Natasha
  2701 | D:3      | Killed Natasha
  2971 | D:3      | Killed from afar by an orc wizard

Illustrated notes

Levels and vault maps discovered:
D:1:      wander_arrival_desolate, layout_basic
D:2:      layout_loops_ring, serial_park_tiny_pond, nicolae_tso_carved_into_rock
D:3:      wad_lake_hut, layout_basic, chequers_temple_overflow_minitemple,
          lemuel_crystal_altar, uniq_natasha

Skill      XL: |  1  2  3  4  5 |
---------------+----------------+-----
Unarmed Combat | 4 |  4.7
Stealth        | 1 2 |  2.4
Fighting       | |  1.1
Dodging        | |  2.7
Spellcasting   | |  2.3
Transmutations | |  2.3

Action                   |  1- 3 |  4- 6 || total
-------------------------+-------+-------++-------
Melee: Unarmed           |    69 |    79 ||   148
       Tentacles         |    19 |    13 ||    32
       Constrict         |    21 |    21 ||    42
       Punch             |     3 |     1 ||     4
       Kick              |       |     1 ||     1
 Cast: Beastly Appendage |       |     3 ||     3
  Use: Potion            |       |     1 ||     1
 Stab: Sleeping          |     3 |     5 ||     8
Armor: Skin              |     8 |     7 ||    15
Dodge: Dodged            |    47 |    50 ||    97
